[Event "Wednesday April 4 Engine Tour 9 Rd Swiss 12m+1s Starts at 1600hrs ST"]
[Site "Infinity Chess"]
[Date "2018.4.4"]
[Round "3"]
[White "hafaba"]
[Black "KRAKEN"]
[Result "1/2-1/2 "]
[ECO "D30"]
[WhiteElo "2449"]
[BlackElo "2465"]
[WhiteEngine "Eman 1.70-beta13 64-bit POPCNT"]
[BlackEngine "Raubfisch ME262_GTZ17_CTG"]
[EventType "Swiss"]
[WhiteTeam ""]
[BlackTeam ""]
[PlyCount "173"]
[TimeControl "720+1"]

1. d4 d5 2. c4 e6 3. Nf3 Nf6 4. Nc3 c6 5. e3 Nbd7 6. a3 Bd6 7. b3 O-O 8. Bb2 Qe7 
9. Be2 b6 10. O-O Bb7 11. a4 a5 12. Qc2 Rad8 13. Rac1 Nb8 14. Ne5 Na6 15. f4 Nb4 
16. Qb1 Bb8 17. Rcd1 Ne8 18. Rf3 Nd6 19. Rh3 f5 20. cxd5 cxd5 21. Rf1 Rc8 
22. Qd1 Ne4 23. Nxe4 fxe4 24. Ba3 Rc3 25. Bb2 Rcc8 26. Ba3 Bxe5 27. dxe5 Rc3 
28. Rg3 Rc7 29. Rf2 Bc6 30. h4 Qc5 31. h5 Bd7 32. Kh2 Rf7 33. Bg4 Qe7 
34. Rd2 Qe8 35. Be2 Qc8 36. Bb2 Be8 37. Rd4 Qb7 38. Rd2 Qc8 39. Bg4 Bd7 
40. Be2 Rc6 41. Qb1 Re7 42. Qd1 Rf7 43. Kg1 Rc5 44. Qf1 Rc2 45. Qd1 Rc5 
46. Qf1 Be8 47. Bd4 Rc6 48. Rd1 Nc2 49. Bb2 Qd8 50. h6 g6 51. Rh3 Nb4 
52. Bd4 Qc8 53. Kh2 Qd8 54. Kg1 Nc2 55. Bb2 Rfc7 56. g4 Qe7 57. Kh1 Bd7 
58. Rg3 Nb4 59. Bd4 Nc2 60. Bb2 Nb4 61. Bd4 Be8 62. Qh3 Rc2 63. Rg2 Ra2 
64. Bb5 Rxg2 65. Kxg2 Bxb5 66. axb5 Nd3 67. Kg1 Rc8 68. Qh2 Nc1 69. Qb2 Nd3 
70. Qh2 Qd8 71. Rb1 Nc5 72. Qh3 Nd3 73. Qh2 Qc7 74. Rf1 Nc1 75. Qb2 Nd3 
76. Qh2 Qd8 77. f5 Qg5 78. fxg6 hxg6 79. Bxb6 Qxg4+ 80. Kh1 Rc1 81. Rxc1 Nxc1 
82. h7+ Kh8 83. Qf2 Kxh7 84. Qf7+ Kh6 85. Qf8+ Kh7 86. Qe7+ Kh6 87. Qf8+ 1/2-1/2

[Event "Wednesday April 4 Engine Tour 9 Rd Swiss 12m+1s Starts at 1600hrs ST"]
[Site "Infinity Chess"]
[Date "2018.4.4"]
[Round "3"]
[White "Marsell"]
[Black "Thinker"]
[Result "1/2-1/2"]
[ECO "C53"]
[WhiteElo "2470"]
[BlackElo "2452"]
[WhiteEngine "asmFishW_2018-04-02_bmi2"]
[BlackEngine "BrainFish_180329_x64_modern_CTG"]
[EventType "Swiss"]
[WhiteTeam ""]
[BlackTeam ""]
[PlyCount "159"]
[TimeControl "720+1"]

1. e4 e5 2. Nf3 Nc6 3. Bc4 Bc5 4. c3 Nf6 5. d3 d6 6. O-O a5 7. Bg5 Ba7 
8. Nbd2 h6 9. Bh4 g5 10. Bg3 O-O 11. a3 Be6 12. b4 Bxc4 13. Nxc4 axb4 
14. axb4 Qd7 15. h4 g4 16. Nh2 Qe6 17. Kh1 b5 18. Na3 Bb6 19. Qe2 Na7 
20. Rfe1 Kh7 21. Nf1 Nh5 22. Kh2 Rfb8 23. Ne3 Bxe3 24. Qxe3 Nc8 25. Nc2 Ra4 
26. Rxa4 bxa4 27. Ra1 Ra8 28. c4 Ne7 29. b5 Ng6 30. Qd2 Qf6 31. Ne3 Nxh4 
32. Nd5 Qd8 33. Qd1 Ng6 34. Qxg4 Nf6 35. Qf5 Kg7 36. Ne3 a3 37. Qh3 Kh7 
38. Bh4 Nxh4 39. Qxh4 Qh8 40. Ra2 Qg7 41. Nc2 Rg8 42. g3 Ng4+ 43. Kg2 f5 
44. f3 Nf6 45. exf5 Nh5 46. g4 Nf4+ 47. Kf1 Rf8 48. Rxa3 Rxf5 49. Ne3 Rf7 
50. Ra2 Qg6 51. Nf5 h5 52. b6 cxb6 53. Qd8 Qf6 54. Qa8 Qe6 55. Ra7 Nxd3 
56. Nxd6 Rxa7 57. Qxa7+ Kh6 58. Qxb6 Kg6 59. gxh5+ Kxh5 60. Qc7 Kg6 61. Ke2 Nc1+ 
62. Kf2 Nb3 63. Qb8 Nd2 64. Qb4 Nb3 65. c5 Nd4 66. Qb1+ Kh6 67. Qb8 Qf6 
68. Qb7 Qh4+ 69. Kg2 Qg5+ 70. Kh3 Qh5+ 71. Kg2 Qg5+ 72. Kh2 Qf4+ 73. Kh3 Nxf3 
74. Kg2 Ne1+ 75. Kh3 Nd3 76. Qf7 Nxc5 77. Qxf4+ exf4 78. Kh4 Kg6 79. Kg4 f3 
80. Kxf3 1/2-1/2

[Event "Wednesday April 4 Engine Tour 9 Rd Swiss 12m+1s Starts at 1600hrs ST"]
[Site "Infinity Chess"]
[Date "2018.4.4"]
[Round "3"]
[White "THE_MACHINE"]
[Black "Harry_Potter"]
[Result "1/2-1/2"]
[ECO "C50"]
[WhiteElo "2492"]
[BlackElo "2473"]
[WhiteEngine "BrainFish_180401_x64_bmi2"]
[BlackEngine "asmFishW_2018-03-27_bmi2_CTG"]
[EventType "Swiss"]
[WhiteTeam ""]
[BlackTeam ""]
[PlyCount "103"]
[TimeControl "720+1"]

1. e4 e5 2. Nf3 Nc6 3. Bc4 Bc5 4. O-O Nf6 5. d3 d6 6. c3 O-O 7. Nbd2 a5 
8. Re1 h6 9. Nf1 Be6 10. Bb5 Ne7 11. h3 Ba7 12. Ng3 c6 13. Ba4 b5 14. Bc2 a4 
15. d4 Bb8 16. Be3 Ng6 17. b3 axb3 18. axb3 Rxa1 19. Qxa1 Qc7 20. Qa6 Bc8 
21. Qa1 Be6 22. dxe5 dxe5 23. Qa6 Nf4 24. Rd1 Re8 25. Kf1 Ng6 26. Ne2 Nf4 
27. Bc5 Ng6 28. b4 Qc8 29. Qxc8 Rxc8 30. Be3 Ne8 31. Nd2 Bd6 32. Bb3 Bd7 
33. Nf3 Ra8 34. Nc1 Bc8 35. Ke2 Kf8 36. Kd3 f5 37. Nd2 Ke7 38. f3 fxe4+ 
39. fxe4 Nf6 40. Kc2 Nh5 41. Nf3 Nf6 42. Kb2 Be6 43. Nd2 Nf8 44. Nd3 g5 
45. Rc1 Bxb3 46. Kxb3 Ne6 47. g3 Bc7 48. Rf1 Rd8 49. Kc2 Ra8 50. Kb3 Rd8 
51. Kc2 Ra8 52. Kb3 1/2-1/2

[Event "Wednesday April 4 Engine Tour 9 Rd Swiss 12m+1s Starts at 1600hrs ST"]
[Site "Infinity Chess"]
[Date "2018.4.4"]
[Round "3"]
[White "SkyPilot"]
[Black "MarioDeMonti"]
[Result "1/2-1/2"]
[ECO "C53"]
[WhiteElo "2486"]
[BlackElo "2512"]
[WhiteEngine "stockfish_x64_bmi2_2018_03_30_CTG"]
[BlackEngine "stockfish_x64_bmi2_2018_02_18_CTG"]
[EventType "Swiss"]
[WhiteTeam ""]
[BlackTeam ""]
[PlyCount "97"]
[TimeControl "720+1"]

1. e4 e5 2. Nf3 Nc6 3. Bc4 Bc5 4. c3 Nf6 5. d3 d6 6. O-O O-O 7. h3 a5 8. Nbd2 h6 
9. Re1 Be6 10. a4 Ba7 11. b3 d5 12. exd5 Nxd5 13. Ne4 Bb6 14. Qd2 Re8 
15. Bb5 Nf6 16. Rb1 Nxe4 17. dxe4 Qf6 18. Qe2 Red8 19. Bxc6 bxc6 20. c4 Bd4 
21. Nxd4 exd4 22. Qd3 c5 23. Qg3 Ra6 24. Qxc7 Rc8 25. Qg3 Bd7 26. Kh2 Qb6 
27. Bd2 Re8 28. f3 Qb7 29. Rb2 Bxa4 30. Ra1 Bxb3 31. Bxa5 Qa8 32. Rxb3 Rxa5 
33. Rab1 Ra1 34. Qd6 Rc8 35. Rxa1 Qxa1 36. Rb5 Qc1 37. Rxc5 Rxc5 38. Qxc5 d3 
39. Qc8+ Kh7 40. Qf5+ Kg8 41. Qc8+ Kh7 42. Qf5+ Kg8 43. Qd5 Qf4+ 44. Kg1 Qc1+ 
45. Kh2 d2 46. Qa8+ Kh7 47. Qd5 h5 48. Qf5+ Kh6 49. Qf4+ 1/2-1/2

[Event "Wednesday April 4 Engine Tour 9 Rd Swiss 12m+1s Starts at 1600hrs ST"]
[Site "Infinity Chess"]
[Date "2018.4.4"]
[Round "3"]
[White "MCDermont"]
[Black "ivrdurant"]
[Result "1/2-1/2"]
[ECO "E32"]
[WhiteElo "2506"]
[BlackElo "2485"]
[WhiteEngine "BrainFish 010418 WM_CTG"]
[BlackEngine "Raubfisch X38"]
[EventType "Swiss"]
[WhiteTeam ""]
[BlackTeam ""]
[PlyCount "87"]
[TimeControl "720+1"]

1. d4 Nf6 2. c4 e6 3. Nc3 Bb4 4. Qc2 O-O 5. e4 d5 6. e5 Ne4 7. Bd3 c5 
8. Nf3 cxd4 9. Nxd4 Nd7 10. Bf4 Qh4 11. g3 Qh5 12. O-O g5 13. cxd5 Bxc3 
14. bxc3 exd5 15. Bxe4 dxe4 16. e6 gxf4 17. exd7 Bxd7 18. Qxe4 fxg3 19. fxg3 b6 
20. Nf5 Rae8 21. Ne7+ Kg7 22. Qd4+ f6 23. Rae1 Bh3 24. Rf4 Rd8 25. Rh4 Qf3 
26. Qe4 Qxe4 27. Rexe4 Rd1+ 28. Kf2 Bd7 29. Rd4 Rxd4 30. Rxd4 Be6 31. Nd5 Bxd5 
32. Rxd5 Rc8 33. Rd7+ Kg6 34. Rxa7 Rxc3 35. Re7 Ra3 36. Re2 b5 37. Rb2 b4 
38. h4 Ra4 39. Kf3 Kf5 40. g4+ Kg6 41. Kg3 h5 42. Rb3 Rxa2 43. gxh5+ Kxh5 
44. Rxb4 1/2-1/2

[Event "Wednesday April 4 Engine Tour 9 Rd Swiss 12m+1s Starts at 1600hrs ST"]
[Site "Infinity Chess"]
[Date "2018.4.4"]
[Round "2"]
[White "Mr Aj"]
[Black "angriff"]
[Result "1/2-1/2"]
[ECO "D30"]
[WhiteElo "2428"]
[BlackElo "2403"]
[WhiteEngine "Houdini 6"]
[BlackEngine "DracoREX 3.07 64BIT POPCNT_CTG"]
[EventType "Swiss"]
[WhiteTeam ""]
[BlackTeam ""]
[PlyCount "81"]
[TimeControl "720+1"]

1. d4 d5 2. c4 e6 3. Nf3 Nf6 4. Nc3 c6 5. Bg5 dxc4 6. e4 b5 7. e5 h6 8. Bh4 g5 
9. Nxg5 hxg5 10. Bxg5 Nbd7 11. exf6 Bb7 12. g3 Qb6 13. Bg2 O-O-O 14. O-O c5 
15. d5 b4 16. Na4 Qa6 17. a3 Bxd5 18. Bxd5 Ne5 19. Qe2 Rxd5 20. axb4 cxb4 
21. Nc3 Qd6 22. Nxd5 Qxd5 23. f3 Nd3 24. h4 Bc5+ 25. Kg2 Rd8 26. Rfd1 Bb6 
27. b3 cxb3 28. Be3 b2 29. Rab1 Bxe3 30. Qxe3 Qb3 31. Qxa7 Nf4+ 32. gxf4 Rxd1 
33. Rxd1 Qxd1 34. Qc5+ Kd7 35. Qb5+ Kc7 36. Qc5+ Kd8 37. Qa5+ Kd7 38. Qb5+ Kc7 
39. Qc5+ Kd8 40. Qa5+ Kd7 41. Qb5+ 1/2-1/2

[Event "Wednesday April 4 Engine Tour 9 Rd Swiss 12m+1s Starts at 1600hrs ST"]
[Site "Infinity Chess"]
[Date "2018.4.4"]
[Round "2"]
[White "KillBill2017"]
[Black "CrapCleaner"]
[Result "1/2-1/2"]
[ECO "C50"]
[WhiteElo "2421"]
[BlackElo "2417"]
[WhiteEngine "Raubfisch ME262_GTZ17_CTG"]
[BlackEngine "Raubfisch ME262_GTZ16e2_CTG"]
[EventType "Swiss"]
[WhiteTeam ""]
[BlackTeam ""]
[PlyCount "122"]
[TimeControl "720+1"]

1. e4 e5 2. Nf3 Nc6 3. Bc4 Bc5 4. O-O Nf6 5. d3 d6 6. c3 Bb6 7. a4 O-O 8. Bg5 h6 
9. Bh4 g5 10. Bg3 g4 11. Nh4 Nh5 12. b4 a6 13. Na3 Qg5 14. Bb3 Ba7 15. Nc2 Be6 
16. Bxe6 fxe6 17. d4 Ne7 18. Ne3 exd4 19. cxd4 Nc6 20. d5 Ne7 21. Ra3 Nxg3 
22. hxg3 exd5 23. Nxd5 Nxd5 24. exd5 Rf7 25. Ra2 Re8 26. Kh2 Re4 27. Re2 Rxe2 
28. Qxe2 Bd4 29. Qe8+ Kg7 30. f4 gxf3 31. Rxf3 Qxd5 32. Rxf7+ Qxf7 33. Qe4 c5 
34. Nf5+ Kh8 35. Nxd4 Qh5+ 36. Kg1 Qd1+ 37. Kh2 Qxd4 38. Qe8+ Kg7 39. Qe7+ Kg6 
40. Qxb7 cxb4 41. Qxa6 b3 42. Qb5 b2 43. a5 d5 44. a6 Kh7 45. Qb7+ Qg7 
46. Qb8 Kg6 47. a7 Qxa7 48. Qxa7 b1=Q 49. Qd4 Qf5 50. Qb6+ Kg5 51. Qd4 Qe6 
52. g4 Kg6 53. Kh3 Qd6 54. g3 Qe6 55. Qa7 Qf6 56. Qb7 Qf1+ 57. Kh2 d4 
58. Qe4+ Kg5 59. Qd5+ Kxg4 60. Qxd4+ Kf5 61. Qg4+ Kxg4 1/2-1/2

[Event "Wednesday April 4 Engine Tour 9 Rd Swiss 12m+1s Starts at 1600hrs ST"]
[Site "Infinity Chess"]
[Date "2018.4.4"]
[Round "2"]
[White "MiKachomiKa QueeN"]
[Black "RonWeasley"]
[Result "1/2-1/2"]
[ECO "C11"]
[WhiteElo "2443"]
[BlackElo "2448"]
[WhiteEngine "BrainFish_180401_x64_modern"]
[BlackEngine "BrainFish 010418 WM_CTG"]
[EventType "Swiss"]
[WhiteTeam ""]
[BlackTeam ""]
[PlyCount "106"]
[TimeControl "720+1"]

1. e4 e6 2. d4 d5 3. Nc3 Nf6 4. e5 Nfd7 5. f4 c5 6. Nf3 Nc6 7. Be3 cxd4 
8. Nxd4 Qb6 9. Qd2 Qxb2 10. Rb1 Qa3 11. Bb5 Nxd4 12. Bxd4 a6 13. Bxd7+ Bxd7 
14. Rb3 Qe7 15. Rxb7 Rc8 16. O-O Qd8 17. f5 exf5 18. Qd3 Bc5 19. Bxc5 Rxc5 
20. Nxd5 Bc8 21. Re7+ Kf8 22. Qa3 Qa5 23. Qxa5 Rxa5 24. Rc7 Be6 25. Nf4 Rxe5 
26. Nxe6+ Rxe6 27. Rxf5 Re7 28. Rc8+ Re8 29. Rc7 Re7 30. Rc8+ Re8 31. Rfc5 Ke7 
32. R8c6 g6 33. Kf2 Ra8 34. Rc7+ Kf6 35. Rc3 Kg7 36. Rf3 Rhf8 37. Kg3 Rad8 
38. Rf2 Rde8 39. a4 Re3+ 40. Rf3 Re2 41. h4 Kh6 42. Rf6 Re3+ 43. Kf2 Re4 
44. Rxa6 Rxh4 45. Raa7 Kg5 46. Rxf7 Rxf7+ 47. Rxf7 Rxa4 48. Rxh7 Rf4+ 
49. Ke1 Rg4 50. c3 Rxg2 51. Rh3 Kg4 52. Rh8 g5 53. c4 Rg1+ 1/2-1/2

[Event "Wednesday April 4 Engine Tour 9 Rd Swiss 12m+1s Starts at 1600hrs ST"]
[Site "Infinity Chess"]
[Date "2018.4.4"]
[Round "2"]
[White "Thinker"]
[Black "hafaba"]
[Result "1/2-1/2"]
[ECO "C55"]
[WhiteElo "2452"]
[BlackElo "2449"]
[WhiteEngine "BrainFish_180329_x64_modern_CTG"]
[BlackEngine "Eman 1.70-beta13 64-bit POPCNT"]
[EventType "Swiss"]
[WhiteTeam ""]
[BlackTeam ""]
[PlyCount "115"]
[TimeControl "720+1"]

1. e4 e5 2. Nf3 Nc6 3. Bc4 Nf6 4. d3 Bc5 5. c3 d6 6. O-O a6 7. a4 O-O 8. Re1 Ba7 
9. h3 b5 10. Ba2 b4 11. Bg5 Be6 12. Bxe6 fxe6 13. Nbd2 Rb8 14. Rc1 bxc3 
15. bxc3 h6 16. Be3 Bxe3 17. Rxe3 Nd7 18. Qc2 Qf6 19. d4 exd4 20. cxd4 Nxd4 
21. Qxc7 Rbc8 22. Qxc8 Rxc8 23. Rxc8+ Kh7 24. e5 dxe5 25. Nc4 Nxf3+ 26. Rxf3 Qe7 
27. Rg3 Nf6 28. Nxe5 Qb7 29. Rf8 Ne4 30. Rd3 Qc7 31. Nd7 h5 32. Rf7 Kg6 
33. Rf8 Qc1+ 34. Kh2 Kh7 35. Ne5 Qc5 36. Nd7 Qc7+ 37. f4 Qc1 38. Ne5 Qe1 
39. Nf7 Kg6 40. Ne5+ Kh7 41. Rf7 h4 42. Nf3 Qg3+ 43. Kg1 Kh6 44. Rdd7 Qf2+ 
45. Kh2 Ng3 46. a5 Qf1 47. Nxh4 Qf2 48. f5 Nf1+ 49. Kh1 Qf4 50. Kg1 Ng3 
51. Nf3 Qe3+ 52. Kh2 Nxf5 53. Rd1 Kg6 54. Rb7 Qf4+ 55. Kg1 Qe3+ 56. Kh2 Qf4+ 
57. Kg1 Qe3+ 58. Kh2 1/2-1/2

[Event "Wednesday April 4 Engine Tour 9 Rd Swiss 12m+1s Starts at 1600hrs ST"]
[Site "Infinity Chess"]
[Date "2018.4.4"]
[Round "2"]
[White "KRAKEN"]
[Black "Marsell"]
[Result "1/2-1/2"]
[ECO "D11"]
[WhiteElo "2465"]
[BlackElo "2470"]
[WhiteEngine "Raubfisch ME262_GTZ17_CTG"]
[BlackEngine "asmFishW_2018-04-02_bmi2"]
[EventType "Swiss"]
[WhiteTeam ""]
[BlackTeam ""]
[PlyCount "141"]
[TimeControl "720+1"]

1. d4 d5 2. c4 c6 3. Nf3 Nf6 4. e3 e6 5. b3 c5 6. Bb2 cxd4 7. Nxd4 e5 8. Nf3 Nc6 
9. a3 Bd6 10. Nbd2 Be6 11. cxd5 Bxd5 12. Bc4 Qe7 13. b4 O-O 14. Bxd5 Nxd5 
15. Qb3 Nf6 16. Rd1 a6 17. O-O Rad8 18. h3 Rfe8 19. Nc4 h6 20. b5 axb5 
21. Qxb5 Qe6 22. Nxd6 Rxd6 23. Rxd6 Qxd6 24. Rc1 Re7 25. a4 Qd5 26. Ba1 Qe6 
27. a5 Rc7 28. Rd1 Nd7 29. Bb2 Kh8 30. Rc1 Kg8 31. Qa4 Qd5 32. Ba3 Kh8 
33. Nh4 Qe6 34. e4 g6 35. Nf3 Kg7 36. Kh2 Ndb8 37. Rb1 Qf6 38. Qc2 Qd8 
39. Bc5 Nxa5 40. Nxe5 Nd7 41. Nxd7 Rxd7 42. Rb5 Qc7+ 43. g3 f6 44. Kg2 Nc6 
45. Ba3 Na7 46. Rc5 Nc6 47. Rb5 Na7 48. Rc5 Nc6 49. Rd5 Qd8 50. Qc5 Ne5 
51. f4 Rxd5 52. exd5 b6 53. Qb5 Qd7 54. Qxd7+ Nxd7 55. Kf3 f5 56. Bb2+ Kf7 
57. Ke3 b5 58. Kd4 b4 59. Kc4 b3 60. Bd4 Nb6+ 61. Kxb3 Nxd5 62. Kc4 Nf6 
63. Bxf6 Kxf6 64. h4 h5 65. Kd5 Kf7 66. Ke5 Ke7 67. Kd5 Kd7 68. Kc5 Ke7 
69. Kd5 Kd7 70. Ke5 Ke7 71. Kd5 1/2-1/2

[Event "Wednesday April 4 Engine Tour 9 Rd Swiss 12m+1s Starts at 1600hrs ST"]
[Site "Infinity Chess"]
[Date "2018.4.4"]
[Round "2"]
[White "Harry_Potter"]
[Black "SkyPilot"]
[Result "1/2-1/2 "]
[ECO "E61"]
[WhiteElo "2472"]
[BlackElo "2487"]
[WhiteEngine "asmFishW_2018-03-27_bmi2_CTG"]
[BlackEngine "stockfish_x64_bmi2_2018_03_30_CTG"]
[EventType "Swiss"]
[WhiteTeam ""]
[BlackTeam ""]
[PlyCount "170"]
[TimeControl "720+1"]

1. d4 Nf6 2. c4 g6 3. Nc3 d6 4. Nf3 Bg7 5. e4 O-O 6. Be2 e5 7. O-O Nc6 8. d5 Ne7 
9. Ne1 Ne8 10. f3 f5 11. Be3 f4 12. Bf2 g5 13. c5 dxc5 14. Bxc5 b6 15. Ba3 Nd6 
16. Nd3 a6 17. Nf2 h5 18. Rc1 Rf6 19. Bb4 Kh8 20. a4 c6 21. Ba3 Rg6 22. h3 Bb7 
23. Qd3 Rh6 24. Rfd1 Bf8 25. Qc2 Rc8 26. Qb3 cxd5 27. Nxd5 Rxc1 28. Rxc1 Nxd5 
29. exd5 Kg7 30. Bc4 a5 31. Re1 Nxc4 32. Bxf8+ Kxf8 33. Qxc4 Bxd5 34. Qd3 Rd6 
35. Rxe5 Bf7 36. Qa3 Qf6 37. Rf5 Qd4 38. Kh2 Ke8 39. Rxg5 Rc6 40. Nd3 Rg6 
41. Rxg6 Bxg6 42. Nc1 Bc2 43. Qa2 Qe3 44. Qg8+ Ke7 45. Qg5+ Ke6 46. Na2 Bxa4 
47. Qg6+ Kd7 48. Qxh5 Qd4 49. Qf7+ Kd6 50. Qf8+ Kd7 51. Qf7+ Kd6 52. Nc3 Bc6 
53. Qf8+ Kd7 54. Qf5+ Ke7 55. Qg6 Qf6 56. Qc2 Kd7 57. Ne2 Kc7 58. Qd2 Kc8 
59. Nxf4 b5 60. Ne2 b4 61. f4 Qe7 62. Nd4 Kb7 63. g4 a4 64. Nxc6 Kxc6 65. g5 Qd6 
66. Qc2+ Kb5 67. Qf5+ Kb6 68. g6 b3 69. Qe4 Qf6 70. Qb4+ Kc7 71. Qa5+ Kc8 
72. Qxa4 Qxb2+ 73. Kg1 Qc1+ 74. Kf2 Qd2+ 75. Kg3 Qc3+ 76. Kf2 b2 77. Qe8+ Kc7 
78. Qe4 Qd2+ 79. Kg3 Qc3+ 80. Kf2 Qxh3 81. Qe7+ Kc6 82. Qe4+ Kb5 83. Qb7+ Kc4 
84. Qa6+ Kb3 85. Qb5+ Ka3 1/2-1/2

[Event "Wednesday April 4 Engine Tour 9 Rd Swiss 12m+1s Starts at 1600hrs ST"]
[Site "Infinity Chess"]
[Date "2018.4.4"]
[Round "2"]
[White "MarioDeMonti"]
[Black "THE_MACHINE"]
[Result "1/2-1/2"]
[ECO "D30"]
[WhiteElo "2513"]
[BlackElo "2491"]
[WhiteEngine "stockfish_x64_bmi2_2018_02_18_CTG"]
[BlackEngine "BrainFish_180401_x64_bmi2"]
[EventType "Swiss"]
[WhiteTeam ""]
[BlackTeam ""]
[PlyCount "180"]
[TimeControl "720+1"]

1. d4 d5 2. c4 e6 3. Nf3 Nf6 4. Nc3 dxc4 5. e4 Bb4 6. Bg5 c5 7. Bxc4 cxd4 
8. Nxd4 Bxc3+ 9. bxc3 Qa5 10. Bb5+ Bd7 11. Bxf6 gxf6 12. Bxd7+ Nxd7 13. O-O a6 
14. Rb1 Qc7 15. Qh5 Nc5 16. Rfe1 O-O-O 17. Qf3 Qe5 18. Qe3 Rd7 19. Nf3 Qc7 
20. Qh6 Qd8 21. Nd4 Rc7 22. g3 Kb8 23. Kg2 Na4 24. Ne2 Qe7 25. Red1 e5 
26. Rd5 Rc6 27. Rbd1 Qa3 28. R5d2 Nb2 29. Rd8+ Rxd8 30. Rxd8+ Ka7 31. Qxh7 Qxa2 
32. Qg8 Nc4 33. Ra8+ Kb6 34. Qd8+ Kb5 35. Nc1 Qd2 36. Qe7 Nd6 37. Rd8 Qc2 
38. Rxd6 Qxe4+ 39. Kf1 Rxd6 40. Qxd6 Qh1+ 41. Ke2 Qxc1 42. Qd7+ Kb6 43. Qd6+ Ka7 
44. Qc5+ Ka8 45. Qc8+ Ka7 46. Qc5+ Ka8 47. Qb4 Qc2+ 48. Ke3 Ka7 49. Qc5+ Ka8 
50. Qf8+ Ka7 51. Qa3 Kb6 52. Qb4+ Kc7 53. Qe7+ Kb8 54. Qf8+ Ka7 55. Qc5+ Ka8 
56. h4 Qc1+ 57. Kf3 Qc2 58. Qc4 Kb8 59. Kg2 a5 60. h5 a4 61. Qxf7 Qe4+ 
62. Kh2 Qe2 63. Kh3 a3 64. Qf8+ Kc7 65. Qe7+ Kb6 66. Qxa3 Qxh5+ 67. Kg2 Qg6 
68. Qd6+ Ka5 69. Qd5+ Kb6 70. Qa2 Kc5 71. Qa4 Qd3 72. Qb4+ Kc6 73. Qa4+ Kc5 
74. Qa5+ Qb5 75. Qa2 Qc4 76. Qa3+ Kc6 77. Qe7 Qe4+ 78. Kh2 f5 79. Qe6+ Kc5 
80. Qb3 f4 81. Qa3+ Kd5 82. gxf4 Qxf4+ 83. Kg2 b6 84. f3 Qd2+ 85. Kh3 e4 
86. Qa8+ Kc4 87. Qxe4+ Kxc3 88. Qc6+ Kd3 89. Qxb6 Qf4 90. Qf2 Qc1 1/2-1/2

[Event "Wednesday April 4 Engine Tour 9 Rd Swiss 12m+1s Starts at 1600hrs ST"]
[Site "Infinity Chess"]
[Date "2018.4.4"]
[Round "2"]
[White "beka"]
[Black "MCDermont"]
[Result "1/2-1/2"]
[ECO "E10"]
[WhiteElo "2339"]
[BlackElo "2513"]
[WhiteEngine "stockfish_18032408_32bit"]
[BlackEngine "BrainFish 010418 WM_CTG"]
[EventType "Swiss"]
[WhiteTeam ""]
[BlackTeam ""]
[PlyCount "91"]
[TimeControl "720+1"]

1. d4 Nf6 2. c4 e6 3. Nf3 d5 4. g3 dxc4 5. Bg2 Bb4+ 6. Bd2 a5 7. Qc2 b6 
8. O-O Bb7 9. Bxb4 axb4 10. Qxc4 Nc6 11. Nbd2 O-O 12. Rfd1 Qd6 13. e3 Rfc8 
14. Qb5 Ba6 15. Qg5 h6 16. Qf4 Qxf4 17. gxf4 Ne7 18. Nh4 c6 19. a3 bxa3 
20. Rxa3 Be2 21. Rda1 Rxa3 22. Rxa3 g5 23. fxg5 hxg5 24. Nhf3 g4 25. Ne1 Kg7 
26. Ra7 Kf8 27. Bf1 Bxf1 28. Kxf1 c5 29. dxc5 Rxc5 30. Rb7 Rh5 31. Nd3 Rxh2 
32. Rxb6 g3 33. Kg1 Nf5 34. Nf1 Rh5 35. Nxg3 Rg5 36. Kg2 Ne4 37. Kf3 Nexg3 
38. Kf4 Rg6 39. fxg3 Rxg3 40. e4 Rxd3 41. exf5 exf5 42. Rb7 Kg7 43. Kxf5 Rg3 
44. b4 Rb3 45. b5 Rf3+ 46. Ke4 1/2-1/2

[Event "Wednesday April 4 Engine Tour 9 Rd Swiss 12m+1s Starts at 1600hrs ST"]
[Site "Infinity Chess"]
[Date "2018.4.4"]
[Round "2"]
[White "ivrdurant"]
[Black "Brtroy"]
[Result "1/2-1/2"]
[ECO "C50"]
[WhiteElo "2484"]
[BlackElo "2511"]
[WhiteEngine "Raubfisch X38"]
[BlackEngine "Stockfish_18040103_x64_bmi2_CTG"]
[EventType "Swiss"]
[WhiteTeam ""]
[BlackTeam ""]
[PlyCount "89"]
[TimeControl "720+1"]

1. e4 e5 2. Nf3 Nc6 3. Bc4 Bc5 4. d3 Nf6 5. O-O a5 6. c3 d6 7. Re1 O-O 8. Bb3 h6 
9. h3 Ba7 10. Nbd2 b5 11. a4 b4 12. Bc4 Be6 13. Bb5 Ne7 14. d4 c6 15. Bf1 Ng6 
16. cxb4 exd4 17. b5 Rc8 18. b3 d5 19. exd5 Nxd5 20. Nc4 Nb4 21. Ba3 Bc5 
22. bxc6 d3 23. Bxb4 Bxb4 24. Re3 Bxc4 25. bxc4 d2 26. Rd3 Qe8 27. Nxd2 Qxc6 
28. Qc2 Rfe8 29. Rg3 Nf4 30. Nb3 Re5 31. Rg4 Qf6 32. g3 Ne6 33. Rd1 Rd8 
34. Rxd8+ Qxd8 35. Re4 Rxe4 36. Qxe4 Ng5 37. Qg4 Qf6 38. c5 Nf3+ 39. Kh1 Ne1 
40. Qc8+ Kh7 41. Kg1 Nf3+ 42. Kg2 Ne1+ 43. Kg1 Nf3+ 44. Kg2 Ne1+ 45. Kg1 1/2-1/2

[Event "Wednesday April 4 Engine Tour 9 Rd Swiss 12m+1s Starts at 1600hrs ST"]
[Site "Infinity Chess"]
[Date "2018.4.4"]
[Round "1"]
[White "angriff"]
[Black "Thinker"]
[Result "1/2-1/2"]
[ECO "C50"]
[WhiteElo "2401"]
[BlackElo "2454"]
[WhiteEngine "DracoREX 3.07 64BIT POPCNT_CTG"]
[BlackEngine "BrainFish_180329_x64_modern_CTG"]
[EventType "Swiss"]
[WhiteTeam ""]
[BlackTeam ""]
[PlyCount "123"]
[TimeControl "720+1"]

1. e4 e5 2. Nf3 Nc6 3. Bc4 Bc5 4. O-O Nf6 5. d3 d6 6. c3 O-O 7. Bg5 h6 8. Bh4 a6 
9. a4 g5 10. Bg3 Ba7 11. Na3 Ne7 12. Re1 Ng6 13. d4 h5 14. h4 Nh7 15. hxg5 Bg4 
16. Qd3 exd4 17. cxd4 Bxf3 18. Qxf3 h4 19. Bf4 Nxf4 20. Qxf4 Qxg5 21. Qxg5+ Nxg5 
22. Nc2 Rae8 23. b4 Kg7 24. b5 Rxe4 25. Rxe4 Nxe4 26. bxa6 Nd2 27. axb7 Nxc4 
28. a5 c5 29. a6 Kf6 30. Re1 Rb8 31. Kh2 Na5 32. dxc5 dxc5 33. Re4 Nc6 
34. Rxh4 Ke6 35. g4 Rg8 36. Ne3 Nb8 37. f4 Ke7 38. Rh6 Rg6 39. g5 Rxa6 
40. Rh7 Ra2+ 41. Kh1 Re2 42. Nf5+ Ke6 43. Ng3 Re1+ 44. Kh2 c4 45. f5+ Kd6 
46. g6 c3 47. g7 c2 48. g8=Q c1=Q 49. Qf8+ Kc6 50. Qxf7 Bg1+ 51. Kh3 Bb6 
52. Qf6+ Kb5 53. Re7 Ka6 54. Rxe1 Qxe1 55. Qe6 Qc3 56. f6 Kxb7 57. Kg4 Qb4+ 
58. Qe4+ Qxe4+ 59. Nxe4 Nd7 60. Kg3 Bd4 61. Kg4 Nxf6+ 62. Nxf6 1/2-1/2

[Event "Wednesday April 4 Engine Tour 9 Rd Swiss 12m+1s Starts at 1600hrs ST"]
[Site "Infinity Chess"]
[Date "2018.4.4"]
[Round "1"]
[White "KRAKEN"]
[Black "ocirema"]
[Result "1/2-1/2"]
[ECO "D31"]
[WhiteElo "2467"]
[BlackElo "2407"]
[WhiteEngine "Raubfisch ME262_GTZ17_CTG"]
[BlackEngine "asmFishW_2018-04-01_popcnt_CTG"]
[EventType "Swiss"]
[WhiteTeam ""]
[BlackTeam ""]
[PlyCount "129"]
[TimeControl "720+1"]

1. d4 d5 2. c4 e6 3. Nc3 c6 4. e3 Nf6 5. Nf3 Nbd7 6. Qc2 Bd6 7. Bd3 O-O 
8. O-O dxc4 9. Bxc4 b5 10. Be2 Bb7 11. Bd2 a6 12. e4 e5 13. Nxe5 Nxe5 
14. dxe5 Bxe5 15. f4 Bd4+ 16. Kh1 b4 17. e5 bxc3 18. bxc3 Bc5 19. exf6 Qxf6 
20. Bf3 Rad8 21. Rae1 Bc8 22. Be4 Qd6 23. Be3 Bxe3 24. Rxe3 h6 25. Qe2 Rfe8 
26. h3 Qc5 27. Rff3 Re7 28. Bc2 Rde8 29. Rxe7 Rxe7 30. Qd2 Re8 31. Rd3 Bf5 
32. Rd8 Rxd8 33. Qxd8+ Kh7 34. Qd4 Qb5 35. Bxf5+ Qxf5 36. Kh2 c5 37. Qc4 Kg8 
38. a3 g5 39. Kg3 a5 40. a4 Kg7 41. Kf3 gxf4 42. Qxf4 Qd3+ 43. Qe3 Qd1+ 
44. Kg3 Qxa4 45. Qe5+ f6 46. Qxc5 Qd7 47. c4 a4 48. Kh2 h5 49. Qa5 h4 50. c5 Kg6 
51. Qa8 Kf7 52. c6 Qd6+ 53. Kg1 a3 54. Qb7+ Ke6 55. Qa7 Qd3 56. Kh2 Qg3+ 
57. Kg1 Qe1+ 58. Kh2 Kd6 59. Qxa3+ Kxc6 60. Qa4+ Kc5 61. Qd7 Qg3+ 62. Kg1 Qe1+ 
63. Kh2 Qe5+ 64. Kh1 Qe1+ 65. Kh2 1/2-1/2

[Event "Wednesday April 4 Engine Tour 9 Rd Swiss 12m+1s Starts at 1600hrs ST"]
[Site "Infinity Chess"]
[Date "2018.4.4"]
[Round "1"]
[White "Vimtiroba"]
[Black "ivrdurant"]
[Result "0-1"]
[ECO "C50"]
[WhiteElo "2407"]
[BlackElo "2471"]
[WhiteEngine "AsmFish@ ''A3''_CTG"]
[BlackEngine "Raubfisch X38"]
[EventType "Swiss"]
[WhiteTeam ""]
[BlackTeam ""]
[PlyCount "84"]
[TimeControl "720+1"]

1. e4 e5 2. Nf3 Nc6 3. Bc4 Bc5 4. d3 Nf6 5. c3 a5 6. O-O d6 7. Bg5 Ba7 
8. Nbd2 Bd7 9. Bh4 h6 10. h3 g5 11. Bg3 Qe7 12. Bb5 Rg8 13. Kh1 g4 14. hxg4 Rxg4 
15. d4 O-O-O 16. d5 Nb8 17. Bxd7+ Nbxd7 18. Nh2 Rg6 19. Bh4 Rdg8 20. Qf3 Qf8 
21. Rae1 Kb8 22. g3 Nh7 23. Qe2 Qc8 24. Kg2 R6g7 25. Qf3 Ndf8 26. Qf5 Qe8 
27. b3 Ng6 28. Nhf3 f6 29. Rh1 Qb5 30. c4 Qc5 31. Rhf1 Qa3 32. Rc1 Qb2 
33. Kh1 Ng5 34. Rb1 Qc2 35. Rbc1 Qd3 36. Rcd1 Nxf3 37. Nxf3 Qe2 38. Bxf6 Rf7 
39. Rde1 Qxa2 40. Nh2 Rgf8 41. Ng4 Ne7 42. Qe6 Nc8 0-1